 Dungeon Crawl Stone Soup version 0.25-a0-577-ga4619f409e (webtiles) character file.

Game seed: 17310356821228902611, levelgen mode: deterministic

18 kae the Sneak (level 2, -3/19 HPs)
             Began as a Vampire Enchanter on Mar 2, 2020.
             Slain by a shadow imp (5 damage)
             ... summoned by Natasha
             ... on level 1 of the Dungeon.
             The game lasted 00:01:09 (873 turns).

kae the Sneak (Vampire Enchanter)                    Turns: 873, Time: 00:01:10

Health: -3/19      AC:  3    Str:  7    XL:     2   Next: 48%
Magic:  0/5        EV: 12    Int: 17    God:
Gold:   69         SH:  0    Dex: 14    Spells: 2/5 levels left

rFire    . . .     SeeInvis +   a - +1 dagger
rCold    . . .     Gourm    .   (no shield)
rNeg     . . .     Faith    .   b - +0 robe
rPois    .         Spirit   .   (no helmet)
rElec    .         Reflect  .   l - +0 cloak
rCorr    .         Harm     .   (no gloves)
MR       .....                  (no boots)
Stlth    +++.......             (no amulet)
HPRegen  0.26/turn              (no ring)
MPRegen  0.09/turn              (no ring)

@: brilliant, very slightly contaminated, regenerating quickly
A: no food, fangs 3, see invisible, unbreathing
a: Exsanguinate


You were on level 1 of the Dungeon.
You were alive.

You visited 1 branch of the dungeon, and saw 2 of its levels.

You collected 69 gold pieces.

Inventory:

Hand Weapons
 a - a +1 dagger (weapon)
Armour
 b - a +0 robe (worn)
 l - a +0 cloak (worn)
Jewellery
 c - an uncursed ring of protection from cold {unknown}
 j - a cursed amulet of inaccuracy {unknown}
Scrolls
 d - a scroll of identify {unknown}
 f - a scroll of teleportation {unknown}
 g - a scroll of immolation {unknown}
 k - a scroll of remove curse {unknown}
Potions
 h - a potion of curing {unknown}
 i - a potion of heal wounds {unknown}


   Skills:
 * Level 1.9 Short Blades
 - Level 2.1 Dodging
 + Level 4.7 Stealth
 + Level 2.2 Spellcasting
 + Level 4.7 Hexes


You had 2 spell levels left.
You knew the following spells:

 Your Spells              Type           Power        Failure   Level  Hunger
a - Corona                Hex            ####...      2%          1    N/A
b - Ensorcelled Hibernat  Hex/Ice        ##....       11%         2    N/A

Your spell library contained the following spells:

 Spells                   Type           Power        Failure   Level  Hunger
 Confusing Touch          Hex            ####....     9%          3    N/A
 Tukima's Dance           Hex            ####....     9%          3    N/A
 Dazzling Flash           Conj/Hex       ##....       22%         3    N/A

Dungeon Overview and Level Annotations

Branches:
Dungeon (2/15)

Altars:

Annotations:
D:1 Natasha


Innate Abilities, Weirdness & Mutations

You do not eat.
Your natural rate of healing is unusually fast.
You have razor-sharp teeth.
You have supernaturally acute eyesight. (SInv)
You can survive without breathing.


Message History

You hit Natasha but do no damage.
Natasha howls an incantation.
Natasha shimmers violently.
Natasha completely misses you.
You miss Natasha. The shadow imp hits you.
Natasha stares at you and mumbles some strange words.
The magic dart hits you!
Casting: Ensorcelled Hibernation (safe; 11% risk of failure)
Confirm with . or Enter, or press ? or * to list all spells.
Aiming: Ensorcelled Hibernation (safe; 11% risk of failure)
Press: ? - help, Shift-Dir - straight line, f/p - Natasha
Aim: Natasha (chance to defeat MR: 40%) Natasha resists with some effort.
The shadow imp closely misses you. Natasha claws you.
* * * LOW HITPOINT WARNING * * *
It was a potion of brilliance.
You feel clever all of a sudden.
The shadow imp disappears in a puff of smoke!
The shadow imp hits you.
You die...

.........###.......#..#
#.≈.
.........##....>......#
#.≈.
...........#.......#..#
#.≈8
......##.#............#
#.≈.
......##.###.#.#.#.#..#
#.≈.
......##........§######
#.≈≈ ......##########5#
#).# ......# #h# ##.#
..[...# #@# #.# ......#
#5# ########## #.#
......# #######.#
#........# #.# ......#
#....##.###.######.#
#.. ##.####
#.##........# #.# ##.
##.# #.##........#
####.# ##. ...#####
#.##........# #....#
#..
.#.....###.##........#
####.# #.#
.####......##........##
### #.#


You could see Natasha, a white imp and a shadow imp.

Vanquished Creatures
  A bat (D:1)
  3 hobgoblins (D:1)
  2 jackals (D:1)
  A ball python (D:1)
  2 frilled lizards (D:1)
  3 goblins (D:1)
  3 kobolds (D:1)
  2 rats (D:1)
17 creatures vanquished.

Notes
Turn   | Place    | Note
-------+----------+-------------------------------------------
     0 | D:1      | kae the Vampire Enchanter began the quest for the Orb.
     0 | D:1      | Reached XP level 1. HP: 13/13 MP: 3/3
   293 | D:1      | Reached XP level 2. HP: 17/19 MP: 3/5
   297 | D:1      | Learned a level 2 spell: Ensorcelled Hibernation
   846 | D:2      | Noticed Natasha
   873 | D:1      | Slain by a shadow imp

Levels and vault maps discovered:
D:1:      lightli_arrival_isolated_outpost, layout_basic, st_stairs_4
D:2:      layout_rooms, minmay_gold_behind_fungi, minmay_pentomino_u4,
          uniq_natasha

Action                   || total
-------------------------++-------
Melee: Dagger            ||    84
       Bite              ||     1
 Cast: Corona            ||    12
       Ensorcelled Hiber ||     3
  Use: Potion            ||     1
 Stab: Sleeping          ||     5
Armor: Robe              ||    20
Dodge: Dodged            ||    67

Table legend:
 A = Non-vault XP
 B = Vault XP
 C = Vault XP percentage of total XP
 D = Non-vault monster count
 E = Vault monster count
 F = Vault count percentage of total count
                 A         B        C        D         E       F
            +---------+---------+-------+---------+---------+-------
      Total |      21 |       5 |  19.2 |      14 |       3 |  17.6
            +---------+---------+-------+---------+---------+-------
        D:1 |      21 |       5 |  19.2 |      14 |       3 |  17.6
            +---------+---------+-------+---------+---------+-------
